 Dungeon Crawl Stone Soup version 0.28-a0-1510-gd0f6b136d3 (webtiles) character file.

Game seed: 2234921997717342836

569812 rogsnak the Ruinous (level 25, -2/210 HPs)
             Began as a Grey Draconian Air Elementalist on Jan 11, 2022.
             Was the Champion of Sif Muna.
             Slain by a spriggan berserker (37 damage)
             ... on level 3 of the Depths on Jan 16, 2022.
             The game lasted 05:59:56 (81798 turns).

rogsnak the Ruinous (DrAE)                         Turns: 81798, Time: 05:59:57

Health: -2/210     AC: 29    Str: 19    XL:     25   Next: 4%
Magic:  30/53      EV: 14    Int: 31    God:    Sif Muna [******]
Gold:   4776       SH:  7    Dex: 12    Spells: 17/76 levels left

rFire   + . .      SeeInvis +   r - staff of conjuration
rCold   + . .      Faith    .   B - +3 buckler {rPois}
rNeg    + + .      Spirit   .   (armour unavailable)
rPois   +          Reflect  .   q - +0 hat of Restlessness {+Blink rElec rF+ Will+}
rElec   +          Harm     .   X - +2 cloak {rCorr}
rCorr   +          Rampage  .   t - +2 pair of gloves
Will    ++...                   v - +5 pair of boots "Refoum" {rElec Str+4}
Stlth   +++.......              E - amulet of Wuitruh {RegenMP rN++}
HPRegen 0.45/turn               e - ring of Piel {Wiz rElec rC+ SInv Stlth+}
MPRegen 0.73/turn               A - ring "Hoschadgh" {Fly Int+6}

@: flying, studying Short Blades
A: AC +17, amphibious, unfitting armour, cold-blooded, strong 1, MP-powered
wands
}: 4/15 runes: decaying, slimy, silver, gossamer
a: Renounce Religion, Evoke Blink, Channel Magic, Forget Spell, Divine Exegesis


You were on level 3 of the Depths.
You worshipped Sif Muna.
Sif Muna was exalted by your worship.
You visited 10 branches of the dungeon, and saw 49 of its levels.
You also visited: Trove and Desolation.

You collected 6546 gold pieces.
You spent 1770 gold pieces at shops.

Inventory:

Hand Weapons
 l - the +7 Singing Sword {vorpal, sonic wave}
   (You took it off a servant of whispers in the Desolation of Salt)

   It inflicts extra damage upon your enemies.
   It radiates damaging sonic waves as it strikes, especially in combat
   involving dangerous or numerous foes.
Missiles
 U - 2 boomerangs of dispersal
Armour
 q - the +0 hat of Restlessness (worn) {+Blink rElec rF+ Will+}
   (You acquired it on level 2 of the Orcish Mines)

   rF:        It protects you from fire.
   rElec:     It insulates you from electricity.
   +Blink:    It lets you blink.
   Will:      It increases your willpower.
 t - a +2 pair of gloves (worn)
 v - the +5 pair of boots "Refoum" (worn) {rElec Str+4}
   (You found it on level 3 of the Depths)

   Str:       It affects your strength (+4).
   rElec:     It insulates you from electricity.
 x - a scarf of shadows
 B - a +3 buckler of poison resistance (worn)
 F - a +1 buckler of fire resistance
 X - a +2 cloak of preservation (worn)
 Y - an orb of energy
Magical Staves
 r - a staff of conjuration (weapon)
Jewellery
 e - the ring of Piel (left hand) {Wiz rElec rC+ SInv Stlth+}
   (You found it in the Desolation of Salt)

   [ring of wizardry]

   It improves your spell success rate.
   rC:        It protects you from cold.
   rElec:     It insulates you from electricity.
   SInv:      It lets you see invisible.
   Stlth:     It makes you more stealthy.
 y - the ring "Nixkuug" {rN+ Dex+7}
   (You found it in a treasure trove)

   [ring of positive energy]

   Dex:       It affects your dexterity (+7).
   rN:        It protects you from negative energy.
 A - the ring "Hoschadgh" (right hand) {Fly Int+6}
   (You took it off a deep elf sorcerer on level 3 of the Elven Halls)

   [ring of flight]

   Int:       It affects your intelligence (+6).
   Fly:       It grants you flight.
 E - the amulet of Wuitruh (around neck) {RegenMP rN++}
   (You found it on level 5 of the Pits of Slime)

   [amulet of magic regeneration]

   It increases your rate of magic regeneration.
   rN:        It greatly protects you from negative energy.
 H - the macabre finger necklace {rN+}
   (You took it off a deep elf blademaster on level 3 of the Elven Halls)

   [amulet of nothing]

   It enables you to equip an extra ring.
   rN:        It protects you from negative energy.
 R - the ring of Youthful Indiscretion {Fire Will- Int+9 Dex+4}
   (You took it off a deep elf elementalist on level 3 of the Elven Halls)

   [ring of fire]

   It enhances your fire magic.
   Int:       It affects your intelligence (+9).
   Dex:       It affects your dexterity (+4).
   rF:        It protects you from fire.
   rC:        It makes you vulnerable to cold.
   Will:      It decreases your willpower.
 V - the ring "Coihuuf" {rF+ rC++}
   (You found it on level 15 of the Dungeon)

   [ring of protection from fire]

   rF:        It protects you from fire.
   rC:        It greatly protects you from cold.
Wands
 g - a wand of acid (20)
 k - a wand of polymorph (17)
 m - a wand of digging (20)
 o - a wand of iceblast (66)
 u - a wand of charming (35)
 O - a wand of mindburst (14)
Scrolls
 f - 16 scrolls of teleportation
 n - 7 scrolls of blinking
 C - 7 scrolls of fear
 D - 5 scrolls of magic mapping
 G - 8 scrolls of amnesia
 J - 12 scrolls of immolation
 K - 4 scrolls of summoning
 P - 5 scrolls of enchant weapon
 Q - 13 scrolls of fog
 T - 4 scrolls of brand weapon
 W - 3 scrolls of holy word
Potions
 a - 5 potions of haste
 b - a potion of brilliance
 c - 24 potions of curing
 d - 6 potions of berserk rage
 h - 3 potions of resistance
 i - 3 potions of cancellation
 j - 8 potions of mutation
 s - 3 potions of invisibility
 w - 9 potions of ambrosia
 z - 9 potions of might
 I - 9 potions of heal wounds
 N - a potion of experience
 S - 6 potions of magic
 Z - 8 potions of flight
Miscellaneous
 p - a phial of floods
 L - a box of beasts
 M - a phantom mirror


   Skills:
 + Level 14.0 Fighting
 - Level 1.0 Maces & Flails
 + Level 8.0 Dodging
 - Level 1.7 Stealth
 + Level 2.9 Shields
 + Level 26.0 Spellcasting
 + Level 26.1 Conjurations
 + Level 0.4 Necromancy
 * Level 7.3 Fire Magic
 + Level 17.8 Air Magic
 - Level 10.0 Earth Magic
 + Level 3.9 Invocations
 - Level 5.0 Evocations


You had 17 spell levels left.
You knew the following spells:

 Your Spells              Type           Power      Damage    Failure   Level
a - Shock                 Conj/Air       100%       1d9       0%          1
b - Swiftness             Air            100%       N/A       0%          3
c - Airstrike             Air            50%        N/A       0%          4
d - Sticky Flame          Conj/Fire      100%       2d11      0%          4
e - Flame Wave            Conj/Fire      100%       2d14      0%          4
f - Iskenderun's Battles  Conj           100%       2d15      0%          5
g - Freezing Cloud        Conj/Ice/Air   57%        6-21      1%          5
h - Iron Shot             Conj/Erth      61%        9d11      1%          6
i - Lee's Rapid Deconstr  Erth           40%        3d21*     1%          5
j - Maxwell's Capacitive  Air            50%        ∞         1%          8
k - Borgnjor's Vile Clut  Necr/Erth      32%        N/A       1%          5
l - Chain Lightning       Conj/Air       66%        3d88      4%          9

Your spell library contained the following spells:

 Spells                   Type           Power      Damage    Failure   Level
 Foxfire                  Conj/Fire      100%       2x1d9     0%          1
 Magic Dart               Conj           100%       1d8       0%          1
 Sandblast                Erth           100%       2d20      0%          1
 Searing Ray              Conj           100%       2d8       0%          2
 Static Discharge         Conj/Air       100%       N/A       0%          2
 Conjure Flame            Conj/Fire      100%       6-21      0%          3
 Dazzling Flash           Conj/Hex       100%       N/A       0%          3
 Mephitic Cloud           Conj/Pois/Air  100%       N/A       0%          3
 Stone Arrow              Conj/Erth      100%       3d13      0%          3
 Fireball                 Conj/Fire      60%        3d23      0%          5
 Lightning Bolt           Conj/Air       66%        1d90      0%          5
 Conjure Ball Lightning   Conj/Air       66%        3x3d25    0%          6
 Orb of Destruction       Conj           70%        9d16      0%          7
 Animate Skeleton         Necr           86%        N/A       1%          1
 Apportation              Tloc           80%        N/A       1%          1
 Beastly Appendage        Tmut           80%        N/A       1%          1
 Freeze                   Ice            100%       1d11      1%          1
 Pain                     Necr           100%       1d9       1%          1
 Slow                     Hex            100%       N/A       1%          1
 Sting                    Tmut/Pois      100%       1d8       1%          1
 Summon Small Mammal      Summ           100%       N/A       1%          1
 Blink                    Tloc           80%        N/A       1%          2
 Call Imp                 Summ           40%        N/A       1%          2
 Corpse Rot               Necr/Air       100%       N/A       1%          2
 Ensorcelled Hibernation  Hex/Ice        80%        N/A       1%          2
 Passwall                 Tmut/Erth      53%        N/A       1%          2
 Poisonous Vapours        Pois/Air       100%       N/A       1%          2
 Scorch                   Fire           100%       2d10      1%          2
 Sublimation of Blood     Necr           43%        N/A       1%          2
 Wereblood                Tmut           40%        N/A       1%          2
 Call Canine Familiar     Summ           40%        N/A       1%          3
 Confusing Touch          Hex            40%        N/A       1%          3
 Frozen Ramparts          Ice            80%        1d10      1%          3
 Gell's Gravitas          Tloc           40%        N/A       1%          3
 Ignite Poison            Fire/Tmut/Pois 53%        N/A       1%          3
 Inner Flame              Hex/Fire       59%        N/A       1%          3
 Lesser Beckoning         Tloc           40%        N/A       1%          3
 Ozocubu's Armour         Ice            40%        N/A       1%          3
 Portal Projectile        Hex/Tloc       80%        N/A       1%          3
 Spider Form              Tmut/Pois      40%        N/A       1%          3
 Summon Guardian Golem    Hex/Summ       40%        N/A       1%          3
 Teleport Other           Tloc           40%        N/A       1%          3
 Tukima's Dance           Hex            40%        N/A       1%          3
 Vampiric Draining        Necr           43%        2d9       1%          3
 Fulminant Prism          Conj/Hex       55%        3d25      1%          4
 Hailstorm                Conj/Ice       100%       3d20      1%          4
 Iskenderun's Mystic Bla  Conj/Tloc      100%       2d19      1%          4
 Leda's Liquefaction      Hex/Erth       32%        N/A       1%          4
 Petrify                  Tmut/Erth      64%        N/A       1%          4
 Summon Lightning Spire   Summ/Air       77%        N/A       1%          4
 Irradiate                Conj/Tmut      55%        3d32      1%          5
 Silence                  Hex/Air        38%        N/A       1%          5
 Starburst                Conj/Fire      60%        6d16      1%          6
 Spellforged Servitor     Conj/Summ      55%        N/A       1%          7
 Lehudib's Crystal Spear  Conj/Erth      61%        10d14     1%          8
 Animate Dead             Necr           21%        N/A       2%          4
 Dispel Undead            Necr           43%        3d17      2%          4
 Anguish                  Hex/Necr       20%        N/A       3%          4
 Cause Fear               Hex            20%        N/A       3%          4
 Ice Form                 Ice/Tmut       40%        N/A       3%          4
 Olgreb's Toxic Radiance  Pois           40%        N/A       3%          4
 Passage of Golubria      Tloc           40%        N/A       3%          4
 Summon Ice Beast         Ice/Summ       40%        N/A       3%          4
 Statue Form              Tmut/Erth      42%        N/A       6%          6
 Agony                    Necr           43%        N/A       8%          5
 Excruciating Wounds      Necr           21%        N/A       8%          5
 Storm Form               Tmut/Air       38%        N/A       8%          7
 Alistair's Intoxication  Tmut/Pois      26%        N/A       9%          5
 Blade Hands              Tmut           20%        N/A       9%          5
 Manifold Assault         Tloc           40%        N/A       9%          5
 Metabolic Englaciation   Hex/Ice        20%        N/A       9%          5
 Summon Forest            Summ/Tloc      20%        N/A       9%          5
 Summon Mana Viper        Hex/Summ       40%        N/A       9%          5
 Yara's Violent Unravell  Hex/Tmut       20%        3d9       9%          5
 Fire Storm               Conj/Fire      60%        8d15      32%         9
 Death Channel            Necr           21%        N/A       38%         6
 Simulacrum               Ice/Necr       20%        N/A       41%         6
 Dispersal                Tloc           20%        N/A       43%         6
 Eringya's Noxious Bog    Tmut/Pois      20%        N/A       43%         6
 Summon Cactus Giant      Summ           20%        N/A       43%         6
 Ignition                 Fire           36%        3d11      69%         8
 Haunt                    Necr/Summ      20%        N/A       91%         7
 Dragon Form              Tmut           20%        N/A       93%         7
 Enfeeble                 Hex            20%        N/A       93%         7
 Malign Gateway           Summ/Tloc      20%        N/A       93%         7
 Monstrous Menagerie      Summ           20%        N/A       93%         7
 Ozocubu's Refrigeration  Ice            20%        4d9       93%         7
 Summon Hydra             Summ           20%        N/A       93%         7
 Shatter                  Erth           40%        3d31*     99%         9
 Borgnjor's Revivificati  Necr           21%        N/A       100%        8
 Discord                  Hex            20%        N/A       100%        8
 Disjunction              Tloc           20%        N/A       100%        8
 Infestation              Necr           21%        N/A       100%        8
 Necromutation            Tmut/Necr      20%        N/A       100%        8
 Summon Horrible Things   Summ           20%        N/A       100%        8
 Death's Door             Necr           21%        N/A       100%        9
 Dragon's Call            Summ           20%        N/A       100%        9
 Polar Vortex             Ice            20%        N/A       100%        9
 Animate Armour           Summ/Erth      Unusable   N/A       N/A         4

Dungeon Overview and Level Annotations

Branches:
Dungeon (15/15)            Temple (1/1) D:5            Lair (6/6) D:8
  Swamp (4/4) Lair:2       Spider (4/4) Lair:4        Slime (5/5) Lair:6
    Orc (2/2) D:11            Elf (3/3) Orc:2        Vaults (5/5) D:14
  Crypt (0/3) Vaults:3     Depths (4/4) D:15        Desolation (visited)
    Zot: Depths:4

Altars:
Ashenzari
Cheibriados
Dithmenos
Elyvilon
Fedhas
Gozag
Hepliaklqana
Kikubaaqudgha
Makhleb
Nemelex Xobeh
Okawaru
Qazlal
Ru
Sif Muna
Trog
Uskayaw
Vehumet
Wu Jian
Xom
Yredelemnul
Zin
The Shining One
Beogh
Jiyva
Lugonu

Shops:
D:3 :   D:15 (*!   Orc:2 (:**   Elf:2 =:==   Vaults:1 *   Vaults:2 ??[
Vaults:5 =!   Depths:3 =

Portals:
Hell: Depths:1 Depths:2 Depths:3 Depths:4
Abyss: Depths:1 Depths:2 Depths:3 Depths:4
Pandemonium: Orc:2 Depths:1 Depths:2 Depths:3
Ziggurat: Depths:1

Annotations:
D:15 1 transporter


Innate Abilities, Weirdness & Mutations

Your dull iron-grey scales are very hard. (AC +17)
You are amphibious.
You cannot fit into any form of body armour.
You are cold-blooded and may be slowed by cold attacks.
Your muscles are strong. (Str +2)
You expend magic power (3 MP) to strengthen your wands.


Message History

Okay, then.
You feel much better.
You block the spriggan berserker's attack.
The spriggan berserker hits you with a +2 war axe of electrocution!!
* * * LOW HITPOINT WARNING * * *
Unknown command.
You feel much better.
The spriggan berserker closely misses you.
Unknown command.
Aiming: Charm
Press: ? - help, Shift-Dir - straight line, f/p - spriggan berserker
Aim: a spriggan berserker, wielding a +2 war axe of electrocution and wearing a +0 animal skin (berserk, regenerating, strong-willed, chance to affect: 0%)
Okay, then.
Unknown command.
Okay, then.
Press: ? - help, v - describe, . - travel
Here: a spriggan berserker, wielding a +2 war axe of electrocution and wearing a +0 animal skin (berserk, regenerating, strong-willed)
The floor.
Casting: Iron Shot (safe; 1% risk of failure)
Confirm with . or Enter, or press ? or * to list all spells.
Aiming: Iron Shot (safe; 1% risk of failure)
Press: ? - help, Shift-Dir - straight line, f/p - spriggan berserker
Aim: a spriggan berserker, wielding a +2 war axe of electrocution and wearing a +0 animal skin (berserk, regenerating, strong-willed, 61% to hit)
Okay, then.
Press: ? - help, v - describe, . - travel
Here: a spriggan berserker, wielding a +2 war axe of electrocution and wearing a +0 animal skin (berserk, regenerating, strong-willed)
The floor.
Unknown command.
Casting: Iron Shot (safe; 1% risk of failure)
Confirm with . or Enter, or press ? or * to list all spells.
Aiming: Iron Shot (safe; 1% risk of failure)
Press: ? - help, Shift-Dir - straight line, f/p - spriggan berserker
Aim: a spriggan berserker, wielding a +2 war axe of electrocution and wearing a +0 animal skin (berserk, regenerating, strong-willed, 61% to hit)
You feel a surge of power!
The iron shot hits the spriggan berserker!!!
The spriggan berserker is almost dead.
You feel stable enough to blink again.
The spriggan berserker hits you but does no damage.
The spriggan berserker hits you with a +2 war axe of electrocution!!!
You die...

##### #...####
###.8....########################
..^............)@..........#....#
......<...8....i...........#....#
.......[)..................#....#
........∩........^......∩..#....#
.............).###.........#....#
.....#8...>....#>#....##...##...#
....##.........#|############.†.#
....###+....8..#)#....##.∩..#...#
....##.........###..........#.).#


You could see a spriggan berserker (berserk, regenerating, strong-willed).

Vanquished Creatures
  the Royal Jelly (Slime:5)
  A dread lich (Depths:3)
  3 ancient liches
  the Lernaean hydra (Swamp:4)
  Frederick (Depths:4)
  Margery (Vaults:2)
  Bai Suzhen (Swamp:4)
  3 caustic shrikes (Depths:3)
  Jory (Vaults:4)
  Nikola (Elf:3)
  2 golden dragons
  5 tentacled monstrosities
  A walking earthen tome (Depths:2)
  3 liches
  4 quicksilver dragons
  13 acid blobs
  6 titans
  4 deep elf blademasters
  2 deep elf master archers (Elf:3)
  5 storm dragons
  7 sphinxes
  10 tengu reavers
  Kirke (D:14)
  Donald (Elf:3)
  The ghost of knot the Deadly Accurate, an adept DsBe of Trog (Spider:1)
  12 rockslimes
  2 shadow dragons (Vaults:5)
  Roxanne (Swamp:3)
  3 fenstrider witches
  6 azure jellies
  3 emperor scorpions
  5 fire giants
  21 vault wardens
  6 frost giants
  8 deep elf sorcerers
  4 iron dragons (Vaults:5)
  Aizul (Swamp:4)
  7 ghost moths
  3 orc warlords
  2 imperial myrmidons (Desolation)
  6 deep elf elementalists (Elf:3)
  4 war gargoyles
  Louise (Swamp:1)
  14 ironbound preservers
  A broodmother (Spider:4)
  17 stone giants
  2 spriggan defenders
  4 eleionomae
  8 quicksilver oozes
  6 ironbound thunderhulks
  24 very ugly things
  11 deep elf demonologists
  Nessos (D:14)
  3 bunyips
  A green draconian (Depths:4)
  A black draconian (Depths:4)
  12 deep elf annihilators
  2 vampire knights
  5 spark wasps
  3 entropy weavers
  3 halazid warlocks (Desolation)
  15 dire elephants
  16 ettins
  4 crystal guardians
  Josephine (D:12)
  6 deep elf death magi
  2 jiangshi (Depths:1)
  8 fire dragons
  The ghost of Desusah the Arsonist, a journeyman DrCA of Ignis (Lair:2)
  A shambling mangrove (Swamp:3)
  A blizzard demon (Depths:1)
  The ghost of blank1 the Nimble, a journeyman DjFE of Makhleb (Lair:1)
  6 ragged hierophants (Desolation)
  15 yaktaur captains
  8 ice dragons
  8 servants of whispers (Desolation)
  A rakshasa (Depths:2)
  12 deep elf high priests
  19 great orbs of eyes
  Harold (D:9)
  6 boulder beetles
  17 peacekeepers
  2 jorogumos (Spider:2)
  45 vault guards
  A ghost crab (Swamp:2)
  2 demonspawn (Orc:2)
  A catoblepas (Lair:6)
  3 spriggan air magi
  24 hydras
  23 centaur warriors
  14 ironbound frosthearts
  5 death knights
  4 ogre magi
  31 dancing weapons
  A death scarab (Spider:2)
  3 radroaches
  2 anacondas (shapeshifter)
  10 two-headed ogres
  8 death yaks
  8 tengu warriors
  2 vampire magi (Depths:1)
  7 deep troll shamans
  10 alligators
  7 orc high priests
  9 deep troll earth magi
  A spriggan berserker (Swamp:4)
  Urug (D:13)
  4 sun demons (Depths:1)
  33 deep elf knights
  17 spriggans
  7 hell knights
  5 skeletal warriors
  8 pharaoh ants
  3 iron trolls
  A flayed ghost (D:15)
  A steelbarb worm (shapeshifter) (Vaults:2)
  An orb spider (shapeshifter) (Vaults:5)
  34 deep trolls
  3 spriggan druids
  4 steelbarb worms
  A death drake (Swamp:4)
  3 glowing orange brains
  6 goliath frogs
  9 deep elf archers
  8 swamp dragons
  16 orb spiders
  5 bog bodies
  20 deep elf pyromancers
  16 wizards
  A lindwurm (shapeshifter) (Depths:2)
  A swamp dragon (shapeshifter) (Vaults:5)
  4 phantasmal warriors
  21 ironbound convokers
  5 necromancers
  19 lindwurms
  34 deep elf zephyrmancers
  16 orc knights
  35 ugly things
  30 wolf spiders
  A wolf spider zombie (D:15)
  9 harpies
  6 manticores
  7 shining eyes
  6 orc sorcerers (Orc:2)
  A cyclops (shapeshifter) (Elf:2)
  7 cyclopes
  3 will-o-the-wisps
  22 vault sentinels
  A moth of wrath (Spider:1)
  Maurice (D:9)
  2 elephants (Lair:6)
  A rust devil (Orc:2)
  10 black mambas
  A guardian serpent (Desolation)
  2 stone giant skeletons (Vaults:3)
  3 gargoyles
  An orange demon (Orc:2)
  A smoke demon (Orc:2)
  A hellion (Depths:1)
  Joseph (D:8)
  12 cane toads
  4 torpor snails
  A molten gargoyle (Desolation)
  A cane toad (shapeshifter) (D:15)
  A rime drake (Lair:5)
  9 demonic crawlers
  2 efreet (D:13)
  30 yaktaurs
  4 tengu conjurers
  3 unseen horrors
  3 kobold demonologists
  13 komodo dragons
  5 freezing wraiths
  A hellwing (Depths:3)
  5 ice devils
  The ghost of finalsalamander the Sneak, an amateur NaWn (D:4)
  21 hornets
  A red devil (Orc:2)
  2 bloated husks
  A wind drake (shapeshifter) (D:15)
  3 polar bears
  2 trolls
  8 tyrant leeches
  33 tarantellas
  Prince Ribbit (D:5)
  53 saltlings (Desolation)
  46 slime creatures
  A raiju (shapeshifter) (D:13)
  An ettin zombie (Vaults:3)
  8 dream sheep
  10 blink frogs
  34 jumping spiders
  3 air elementals (Elf:1)
  A meliai zombie (D:7)
  2 centaur simulacra (D:15)
  2 shadows (D:10)
  49 yaks
  2 vampires
  5 wyverns
  Sigmund (D:4)
  25 culicivoras
  6 hogs
  6 wraiths
  7 basilisks
  3 water elementals
  16 humans
  6 golden eyes
  A fire elemental (Elf:3)
  Grum (D:8)
  85 redbacks
  2 steam dragons
  8 vampire mosquitoes
  A redback simulacrum (D:15)
  5 acid dragons
  9 wargs
  12 swamp worms
  20 water moccasins
  3 floating eyes
  7 swamp drakes (Swamp:4)
  3 black bears (D:8)
  35 orc warriors
  3 ice beasts
  A sky beast (shapeshifter) (Vaults:2)
  A hornet zombie (D:15)
  A sky beast (D:6)
  2 necrophages
  7 ogres
  A boggart (D:14)
  A phantom (D:6)
  17 wolves
  9 centaurs
  18 bullfrogs
  8 scorpions
  4 kobold brigands
  A water moccasin zombie (D:6)
  2 wyvern skeletons
  5 killer bees (D:8)
  2 wights (D:8)
  12 jellies
  3 bullfrog zombies
  3 electric eels
  4 howler monkeys
  10 centaur zombies
  3 hounds
  24 orc priests
  4 bullfrog skeletons
  7 centaur skeletons
  A gnoll shaman (D:5)
  5 iguanas
  Natasha (thrice) (D:4)
  13 orc wizards
  A hell rat (Lair:6)
  3 howler monkey zombies
  Robin (D:4)
  A howler monkey skeleton (D:7)
  14 adders
  12 gnolls
  2 river rats (D:12)
  3 shadow imps
  4 white imps
  An ufetubus (D:4)
  An adder skeleton (D:3)
  A worm (shapeshifter) (Vaults:5)
  84 orcs
  10 bats
  6 endoplasms
  6 giant cockroaches
  23 goblins
  21 hobgoblins
  3 jackals (D:1)
  A quokka (shapeshifter) (Vaults:5)
  2 quokkas
  16 ball pythons
  2 frilled lizards
  17 kobolds
  3 rats
2182 creatures vanquished.

Vanquished Creatures (others)
  A wolf spider (Spider:1)
  A bloated husk (Swamp:4)
  5 foxfires
  49 fungi
  70 plants
  2 withered plants (D:6)
128 creatures vanquished.

Grand Total: 2310 creatures vanquished

Notes
Turn   | Place    | Note
-------+----------+-------------------------------------------
     0 | D:1      | rogsnak the Draconian Air Elementalist began the quest for
                  | the Orb.
     0 | D:1      | Reached XP level 1. HP: 14/14 MP: 3/3
   588 | D:1      | Reached XP level 2. HP: 20/20 MP: 3/5
   977 | D:1      | Found a faded altar of an unknown god.
  1273 | D:1      | Reached XP level 3. HP: 26/26 MP: 4/6
  2565 | D:3      | Found a glowing silver altar of Zin.
  2711 | D:3      | Reached XP level 4. HP: 30/33 MP: 0/7
  3033 | D:3      | Found a white marble altar of Elyvilon.
  3076 | D:3      | Found Karrawui's Book Boutique.
  3620 | D:4      | Found a shimmering altar of Xom.
  3633 | D:4      | Reached XP level 5. HP: 36/38 MP: 4/9
  3673 | D:4      | Found a shimmering altar of Xom.
  3675 | D:4      | Found a shimmering altar of Xom.
  3676 | D:4      | Found a shimmering altar of Xom.
  3709 | D:4      | Noticed Robin
  3736 | D:4      | Killed Robin
  3984 | D:4      | Found a runed translucent door.
  3985 | D:4      | Noticed finalsalamander's ghost (amateur NaWn)
  4109 | D:4      | Noticed Sigmund
  4288 | D:4      | Killed Sigmund
  4289 | D:4      | Reached XP level 6. HP: 46/46 MP: 3/11
  4860 | D:4      | Noticed Natasha
  4866 | D:4      | Killed Natasha
  4871 | D:4      | Learned a level 3 spell: Swiftness
  4876 | D:4      | Learned a level 4 spell: Airstrike
  5392 | D:4      | Noticed Natasha
  5395 | D:4      | Killed Natasha
  5726 | D:4      | Noticed Natasha
  5736 | D:4      | Killed Natasha
  5763 | D:5      | Entered Level 5 of the Dungeon
  5782 | D:5      | Your scales start taking on a dull iron-grey colour.
  5782 | D:5      | Reached XP level 7. HP: 51/51 MP: 4/12
  6157 | D:5      | Reached skill level 5 in Conjurations
  6262 | D:5      | Noticed Prince Ribbit
  6308 | D:5      | Killed Prince Ribbit
  6503 | D:5      | Reached XP level 8. HP: 58/58 MP: 10/14
  6563 | D:5      | Found a staircase to the Ecumenical Temple.
  6573 | Temple   | Entered the Ecumenical Temple
  6633 | Temple   | Became a worshipper of Sif Muna the Loreminder
  6763 | D:5      | Reached skill level 5 in Spellcasting
  6939 | D:5      | Reached skill level 5 in Air Magic
  7482 | D:5      | Reached * piety under Sif Muna
  7509 | D:6      | Reached skill level 1 in Maces & Flails
  7653 | D:6      | Reached skill level 1 in Fighting
  7678 | D:6      | Reached XP level 9. HP: 64/64 MP: 8/17
  7837 | D:6      | Found a basalt altar of Yredelemnul.
  7837 | D:6      | Found a burning altar of Makhleb.
  8032 | D:6      | Identified the +1 ring mail of Classification {Will+ Dex+3}
  8563 | D:6      | Reached ** piety under Sif Muna
  9756 | D:7      | Found a sparkling altar of Nemelex Xobeh.
  9756 | D:7      | Found a glowing golden altar of the Shining One.
  9929 | D:7      | Reached XP level 10. HP: 54/71 MP: 14/21
 10170 | D:8      | Noticed Joseph
 10202 | D:8      | Reached *** piety under Sif Muna
 10996 | D:8      | Killed Joseph
 11122 | D:8      | Noticed Grum
 11140 | D:8      | Killed Grum
 11182 | D:8      | Found a staircase to the Lair.
 11275 | D:8      | Noticed a two-headed ogre
 11299 | D:8      | Killed a two-headed ogre
 11546 | D:9      | Noticed Maurice
 11551 | D:9      | Killed Maurice
 11704 | D:9      | Reached XP level 11. HP: 50/78 MP: 24/24
 11994 | D:9      | Noticed a two-headed ogre
 11997 | D:9      | Killed a two-headed ogre
 12127 | D:9      | Noticed a two-headed ogre
 12182 | D:9      | Killed a two-headed ogre
 12183 | D:9      | Reached skill level 10 in Conjurations
 12503 | D:9      | Found an opulent altar of Gozag.
 12530 | D:9      | Noticed a two-headed ogre
 12536 | D:9      | Killed a two-headed ogre
 12537 | D:9      | Reached skill level 10 in Spellcasting
 12624 | D:9      | Noticed Harold
 12640 | D:9      | Killed Harold
 12946 | D:10     | Entered Level 10 of the Dungeon
 13061 | D:10     | Found a sacrificial altar of Ru.
 14184 | D:11     | Reached **** piety under Sif Muna
 14649 | D:11     | Noticed an orc knight
 14830 | D:11     | Reached XP level 12. HP: 85/85 MP: 0/26
 14946 | D:11     | Found a staircase to the Orcish Mines.
 15365 | D:12     | Noticed a two-headed ogre
 15374 | D:12     | Killed a two-headed ogre
 15411 | D:12     | Noticed Josephine
 15636 | D:12     | Killed Josephine
 16034 | D:12     | Found a portal to a secret trove of treasure.
 16201 | D:12     | Reached skill level 10 in Air Magic
 16306 | D:12     | Noticed a boulder beetle
 16471 | D:12     | Noticed a death knight
 16479 | D:12     | Killed a death knight
 16548 | D:12     | Noticed a two-headed ogre
 17067 | D:12     | Noticed an eight-headed hydra
 17074 | Orc:1    | Entered Level 1 of the Orcish Mines
 17146 | D:11     | Reached skill level 5 in Dodging
 17935 | Orc:1    | Noticed an orc warlord
 17988 | Orc:1    | Killed an orc warlord
 18213 | Orc:1    | Found a burning altar of Makhleb.
 18451 | Orc:1    | Reached ***** piety under Sif Muna
 18451 | Orc:1    | Received a gift from Sif Muna
 18452 | Orc:1    | Got Sif Muna's Catalogue of Virous Arcane Weapons {god
                  | gift}
 18458 | Orc:1    | Learned a level 4 spell: Sticky Flame
 18463 | Orc:1    | Learned a level 4 spell: Flame Wave
 18594 | Orc:2    | Entered Level 2 of the Orcish Mines
 19274 | Orc:2    | Found a staircase to the Elven Halls.
 20061 | Orc:2    | Reached XP level 13. HP: 46/92 MP: 22/29
 20589 | Orc:2    | Found Amoatetz's General Store.
 20607 | Orc:2    | Received a gift from Sif Muna
 20608 | Orc:2    | Got Sif Muna's Collected Works on Hurtful Black Secrets
                  | {god gift}
 20618 | Orc:2    | Learned a level 5 spell: Iskenderun's Battlesphere
 20624 | Orc:2    | Learned a level 5 spell: Freezing Cloud
 20631 | Orc:2    | Found Gianisutt's General Store.
 20773 | Orc:2    | Bought a scroll of acquirement for 780 gold pieces
 20775 | Orc:2    | Acquired the +0 hat of Restlessness {+Blink rElec rF+
                  | Will+}
 22035 | Orc:2    | Reached skill level 1 in Fire Magic
 22314 | Orc:2    | Found Ydadimuf's Book Boutique.
 22314 | Orc:2    | Found Telutal's Antique Weapon Shop.
 22423 | Orc:2    | Found a one-way gate leading to the halls of Pandemonium.
 22427 | Orc:2    | Bought a crystal scimitar for 288 gold pieces
 22427 | Orc:2    | Identified the +5 scimitar "Lepsu" {speed, Will+ Dex+3}
                  | (You bought it in a shop on level 2 of the Orcish Mines)
 22682 | D:4      | Killed finalsalamander's ghost
 23304 | D:12     | Reached skill level 15 in Conjurations
 24324 | D:13     | Reached XP level 14. HP: 74/100 MP: 11/31
 24854 | D:14     | Noticed Urug
 24854 | D:14     | Noticed Nessos
 24854 | D:14     | Found a gate to the Vaults.
 25027 | D:13     | Killed Urug
 25234 | D:14     | Killed Nessos
 25435 | D:14     | Received a gift from Sif Muna
 25436 | D:14     | Got Sif Muna's Incunabulum of Venomous Clay {god gift}
 25795 | D:14     | Noticed Kirke
 26228 | D:14     | Killed Kirke
 26505 | D:14     | Identified the +1 cloak of Ejaisogh {Dex+3}
 26707 | D:15     | Entered Level 15 of the Dungeon
 27074 | D:15     | Found Ickyimyf's Antique Weapon Shop.
 27161 | D:15     | Found a staircase to the Depths.
 27476 | D:15     | Identified the ring "Coihuuf" {rF+ rC++}
 27498 | D:15     | Noticed a sphinx
 27512 | D:15     | Killed a sphinx
 27727 | D:15     | Reached skill level 15 in Spellcasting
 27842 | D:15     | Found Fiott's General Store.
 27867 | D:15     | Found a transporter.
 28090 | D:15     | Noticed a tengu reaver
 28096 | D:15     | HP: 1/100 [tengu reaver/bolt of cold (14)]
 28097 | D:15     | Killed a tengu reaver
 28551 | D:15     | Reached XP level 15. HP: 99/105 MP: 28/34
 28676 | D:15     | Found the ring of the Octopus King
 28680 | D:15     | Identified a ring of the Octopus King {rN+ AC+1 EV+1 Str+1
                  | Int+1 Dex+1}
 29258 | D:15     | HP: 5/105 [centaur warrior simulacrum[a necromancer] (7)]
 29635 | D:15     | Found a transporter.
 29861 | D:15     | Identified the ring of Henotheism {rF+ Will- Str+6 Slay+3
                  | Stlth+}
 30458 | D:15     | Found Ijaf's Distillery.
 30671 | Lair:1   | Entered Level 1 of the Lair of Beasts
 30672 | Lair:1   | Upgraded the game from 0.28-a0-1447-ga5a8893891 to
                  | 0.28-a0-1493-g08698888e4
 30933 | Lair:1   | Received a gift from Sif Muna
 30934 | Lair:1   | Got Sif Muna's Papyrus of Unstable Conjuration {god gift}
 31058 | Lair:1   | Found a transporter.
 31071 | Lair:1   | Noticed blank1's ghost (journeyman DjFE)
 31076 | Lair:1   | Found a transporter.
 31420 | Lair:1   | Killed blank1's ghost
 31476 | Lair:1   | Got the Disquisition on Earth and Calling
 31557 | Lair:2   | Found a staircase to the Swamp.
 32127 | Lair:2   | Found a runed translucent gate.
 32128 | Lair:2   | Found a runed translucent gate.
 32132 | Lair:2   | Found a runed translucent gate.
 32133 | Lair:2   | Found a viscous altar of Jiyva.
 32133 | Lair:2   | Noticed Desusah's ghost (journeyman DrCA)
 32203 | Lair:2   | Killed Desusah's ghost
 32649 | Lair:3   | Found an ornate altar of the Wu Jian Council.
 32649 | Lair:3   | Found a hide-covered altar of Uskayaw.
 33153 | Lair:3   | Received a gift from Sif Muna
 33155 | Lair:3   | Got Sif Muna's Handbook of the Destructive Frostbite {god
                  | gift}
 33163 | Lair:3   | Learned a level 6 spell: Iron Shot
 33678 | Lair:4   | Reached skill level 1 in Earth Magic
 33678 | Lair:4   | Reached XP level 16. HP: 113/113 MP: 23/36
 33773 | Lair:4   | Found a hole to the Spider Nest.
 35334 | Lair:6   | Entered Level 6 of the Lair of Beasts
 35436 | Lair:6   | Found a viscous altar of Jiyva.
 35437 | Lair:6   | Found a staircase to the Slime Pits.
 36127 | Lair:6   | Identified the +1 robe of Fafum {Rampage Str-5 Slay+3}
 36918 | Elf:1    | Entered Level 1 of the Elven Halls
 37514 | Elf:1    | Reached skill level 1 in Shields
 38321 | Elf:1    | Received a gift from Sif Muna
 38322 | Elf:1    | Got Agiddin's Catalogue of Rubbish {god gift}
 38517 | Elf:1    | Reached skill level 5 in Earth Magic
 39402 | Elf:2    | Found Bistrij's Jewellery Shoppe.
 39548 | Elf:2    | Reached XP level 17. HP: 121/121 MP: 32/38
 39640 | Elf:2    | Found a runed translucent gate.
 39640 | Elf:2    | Found a runed translucent gate.
 39640 | Elf:2    | Found a runed translucent gate.
 39651 | Elf:2    | Found Guve Jir's Jewellery Shop.
 39653 | Elf:2    | Found Ryages's Book Shoppe.
 39654 | Elf:2    | Found Timyuqoz's Jewellery Shop.
 39815 | Elf:2    | Noticed a deep elf blademaster
 39823 | Elf:2    | Killed a deep elf blademaster
 40032 | Elf:2    | Received a gift from Sif Muna
 40608 | Elf:3    | Entered Level 3 of the Elven Halls
 41144 | Elf:3    | Noticed Nikola
 41151 | Elf:3    | Killed Nikola
 42763 | Elf:3    | Received a gift from Sif Muna
 42809 | Elf:3    | Noticed a deep elf blademaster
 42814 | Elf:3    | Killed a deep elf blademaster
 43041 | Elf:3    | Noticed a deep elf blademaster
 43045 | Elf:3    | Killed a deep elf blademaster
 43099 | Elf:3    | Noticed Donald
 43126 | Elf:3    | Reached skill level 15 in Air Magic
 43137 | Elf:3    | Identified the ring "Hoschadgh" {Fly Int+6}
 43160 | Elf:3    | Identified the +7 great mace of Arrival {freeze, SInv
                  | Stlth+}
 43160 | Elf:3    | Identified the ring of Youthful Indiscretion {Fire Will-
                  | Int+9 Dex+4}
 43302 | Elf:3    | Reached XP level 18. HP: 128/128 MP: 25/40
 44161 | Elf:3    | Killed Donald
 44165 | Elf:3    | Noticed a Brimstone Fiend
 45412 | Elf:3    | Identified the -4 kite shield of Midwinter {Dex+4}
 45421 | Elf:3    | Got the Tome of Gliding Companions
 45464 | Elf:3    | Identified the +3 short sword of the Mind {venom, *Rage rN+
                  | Will+ Dex+4}
 45794 | Swamp:1  | Entered Level 1 of the Swamp
 45987 | Swamp:1  | Noticed Louise
 46013 | Swamp:1  | Killed Louise
 46179 | Swamp:1  | Upgraded the game from 0.28-a0-1493-g08698888e4 to
                  | 0.28-a0-1506-g3893175d92
 46286 | Swamp:1  | Received a gift from Sif Muna
 46622 | Swamp:2  | Reached skill level 1 in Evocations
 46793 | Swamp:2  | Identified the +0 cloak "Obestuj" {Drain rElec Stlth+}
 47221 | Swamp:3  | Identified Roxanne's Handbook of Earth
 47221 | Swamp:3  | Noticed Roxanne
 47291 | Swamp:3  | Paralysed by a fenstrider witch for 2 turns
 47714 | Swamp:3  | Noticed a tentacled monstrosity
 47721 | Swamp:3  | Killed a tentacled monstrosity
 48275 | Swamp:3  | Killed Roxanne
 48320 | Swamp:3  | Learned a level 5 spell: Lee's Rapid Deconstruction
 48322 | Swamp:4  | Entered Level 4 of the Swamp
 48322 | Swamp:4  | Noticed Bai Suzhen
 48373 | Swamp:4  | Reached XP level 19. HP: 134/135 MP: 30/42
 48405 | Swamp:4  | Noticed Aizul
 48411 | Swamp:4  | Received a gift from Sif Muna
 48412 | Swamp:4  | Killed Aizul
 48413 | Swamp:4  | Got Sif Muna's Disquisition on Hurtful Lightness {god gift}
 48596 | Swamp:3  | Learned a level 8 spell: Maxwell's Capacitive Coupling
 48602 | Swamp:3  | Learned a level 5 spell: Borgnjor's Vile Clutch
 49085 | Swamp:4  | Killed Bai Suzhen
 49367 | Swamp:4  | Noticed the 27-headed Lernaean hydra
 49375 | Swamp:4  | Killed the 27-headed Lernaean hydra
 49717 | Swamp:4  | Got a decaying rune of Zot
 49870 | Spider:1 | Entered Level 1 of the Spider Nest
 50128 | Vaults:1 | Entered Level 1 of the Vaults
 50168 | Vaults:1 | Found Cuicost's General Store.
 50699 | Vaults:1 | Reached ****** piety under Sif Muna
 50699 | Vaults:1 | Received a gift from Sif Muna
 52243 | Vaults:1 | Identified the +1 robe "Seggein" {-Cast rN+ Will+}
 52457 | Vaults:2 | Found a crumbling gateway.
 52530 | Desolati | Entered the Desolation of Salt
 52960 | Desolati | Reached XP level 20. HP: 141/141 MP: 31/45
 53257 | Desolati | Received a gift from Sif Muna
 53270 | Desolati | Got Sif Muna's Collected Works on Confrontation {god gift}
 53647 | Desolati | Identified the ring of Piel {Wiz rElec rC+ SInv Stlth+}
 53811 | Desolati | Reached skill level 10 in Earth Magic
 54205 | Desolati | Identified the +0 leather armour of Patterns {rC- rN+
                  | Stlth+}
 54215 | Desolati | Identified the +4 dagger of Judgement {speed, rElec rC+
                  | Dex+3}
 54466 | Desolati | Got the Almanac of Dusty Curses
 54471 | Desolati | Got the Tome of Earth and Summoning
 54510 | Vaults:2 | Upgraded the game from 0.28-a0-1506-g3893175d92 to
                  | 0.28-a0-1510-gd0f6b136d3
 56175 | Vaults:2 | Noticed Margery
 56187 | Vaults:2 | Received a gift from Sif Muna
 56455 | Vaults:2 | Killed Margery
 56883 | Vaults:2 | Found Runuviy's Magic Scroll Boutique.
 56884 | Vaults:2 | Found Syahim's Armour Boutique.
 56898 | Vaults:2 | Found Doewev's Magic Scroll Boutique.
 56910 | Vaults:2 | Bought a scroll of enchant weapon for 127 gold pieces
 58117 | Vaults:3 | You are sucked into a shaft and drop 1 floor!
 58141 | Vaults:4 | Reached XP level 21. HP: 71/149 MP: 21/47
 58263 | Vaults:4 | Received a gift from Sif Muna
 58264 | Vaults:4 | Got Sif Muna's Collected Works on Shape Shifting {god gift}
 58442 | Vaults:4 | Acquired 603 gold pieces
 58951 | Vaults:4 | Noticed Jory
 58956 | Vaults:4 | Killed Jory
 59651 | Vaults:4 | Received a gift from Sif Muna
 59652 | Vaults:4 | Got Sif Muna's Compendium of Creative Stones {god gift}
 60196 | Vaults:3 | Found a staircase to the Crypt.
 63521 | Elf:2    | Bought a ring of poison resistance for 380 gold pieces
 63936 | Lair:4   | Received a gift from Sif Muna
 63938 | Lair:4   | Got Sif Muna's Almanac of Mutagenic Enchantment {god gift}
 64123 | Spider:1 | Reached skill level 5 in Fighting
 64128 | Lair:4   | Reached skill level 1 in Invocations
 64192 | Spider:1 | Reached XP level 22. HP: 158/158 MP: 38/49
 64525 | Spider:1 | Identified the +7 dagger of Otuheigi {vorpal, rElec}
 64969 | Spider:1 | Found a large runed translucent door.
 64969 | Spider:1 | Found a large runed translucent door.
 64970 | Spider:1 | Noticed knot's ghost (adept DsBe)
 64982 | Spider:1 | Killed knot's ghost
 66210 | Spider:2 | Received a gift from Sif Muna
 68356 | Spider:4 | Entered Level 4 of the Spider Nest
 68438 | Spider:4 | Received a gift from Sif Muna
 69263 | Spider:4 | Received a gift from Sif Muna
 69264 | Spider:4 | Got Sif Muna's Last Papyrus of Boris {god gift}
 69412 | Spider:4 | HP: 3/168 [pharaoh ant (31)]
 69453 | Spider:4 | HP: 8/170 [spark wasp simulacrum (14)]
 70525 | Spider:4 | Got a gossamer rune of Zot
 70660 | Lair:6   | Learned a level 9 spell: Chain Lightning
 70682 | Slime:1  | Entered Level 1 of the Pits of Slime
 70688 | Slime:1  | Gained mutation: You sometimes lose the ability to read
                  | scrolls when taking damage. [a shining eye]
 70803 | Slime:2  | Gained mutation: You are frail. (-10% HP) [a shining eye]
 70889 | Slime:3  | Received a gift from Sif Muna
 70955 | Slime:3  | Got Sif Muna's Catalogue of Orientation {god gift}
 71043 | Slime:5  | Entered Level 5 of the Pits of Slime
 71231 | Slime:4  | Reached skill level 5 in Evocations
 71231 | Slime:4  | Lost mutation: You are frail. (-10% HP) [a shining eye]
 71830 | Slime:5  | Gained mutation: You occasionally shout uncontrollably at
                  | your foes. [a shining eye]
 71837 | Slime:4  | Lost mutation: You occasionally shout uncontrollably at
                  | your foes. [potion of mutation]
 71837 | Slime:4  | Lost mutation: You sometimes lose the ability to read
                  | scrolls when taking damage. [potion of mutation]
 71837 | Slime:4  | Gained mutation: Your muscles are strong. (Str +2) [potion
                  | of mutation]
 71837 | Slime:4  | Gained mutation: You expend magic power (3 MP) to
                  | strengthen your wands. [potion of mutation]
 72056 | Slime:5  | Reached skill level 10 in Fighting
 72193 | Slime:5  | Reached XP level 23. HP: 173/181 MP: 43/51
 72277 | Slime:5  | Found a viscous altar of Jiyva.
 72283 | Slime:5  | Noticed the Royal Jelly
 72288 | Slime:5  | Killed the Royal Jelly
 72598 | Slime:5  | Identified the +2 helmet "Enerr" {rElec}
 72607 | Slime:5  | Identified the +6 chain mail of Resonance {rF+ rN+ rCorr
                  | Str+4}
 72651 | Slime:5  | Identified the amulet of Wuitruh {RegenMP rN++}
 72667 | Slime:5  | Identified the +5 arbalest of Ysughy {venom, SInv}
 72679 | Slime:5  | Identified the +10 scimitar of Dimom {vorpal, Fragile rPois
                  | rC+}
 72701 | Slime:5  | Identified the +6 dagger "Aliuh" {venom, Will+}
 72728 | Slime:5  | Identified the +7 scimitar of the Desolation of Salt
                  | {freeze, MP-9 Dex+5}
 72735 | Slime:5  | Got a slimy rune of Zot
 72737 | Slime:5  | Got Diocsyt's Handbook of Malediction and the Glacier
 72741 | Slime:5  | Identified the +2 quarterstaff "Coidom" {vorpal, rPois rC+
                  | Will+ rCorr Str-5}
 73163 | Vaults:5 | Entered Level 5 of the Vaults
 73165 | Vaults:5 | Received a gift from Sif Muna
 73951 | Vaults:5 | Identified the +4 hand axe of Wariness {vorpal, rC++ Will-}
 74269 | Vaults:5 | Noticed an ancient lich
 74278 | Vaults:5 | Killed an ancient lich
 74287 | Vaults:5 | Received a gift from Sif Muna
 74432 | Vaults:5 | Identified the ring "Catwiugo" {rF+ Will+ rCorr Str-4}
 74512 | Vaults:5 | Identified the amulet of New Discoveries {Faith Drain rElec
                  | Regen+}
 74916 | Vaults:5 | Got a silver rune of Zot
 75120 | Vaults:5 | Found Leclya's Distillery.
 75123 | Vaults:5 | Noticed an ancient lich
 75137 | Vaults:5 | Killed an ancient lich
 75294 | Vaults:5 | Bought a potion of heal wounds for 75 gold pieces
 75296 | Vaults:5 | Bought a potion of mutation for 120 gold pieces
 75454 | Vaults:5 | Found Ysuckos's Jewellery Shoppe.
 75842 | Vaults:5 | Received a gift from Sif Muna
 75843 | Vaults:5 | Got Sif Muna's Lost Secrets of Hermeneutics {god gift}
 75888 | Vaults:5 | Reached XP level 24. HP: 176/202 MP: 31/52
 76201 | Depths:1 | Entered Level 1 of the Depths
 76575 | Depths:1 | Found a one-way gate to the infinite horrors of the Abyss.
 76817 | Depths:1 | Identified the +0 robe of Peek-a-Boo {rElec rCorr Int+4}
 76990 | Depths:1 | Received a gift from Sif Muna
 76991 | Depths:1 | Got Sif Muna's Reference Book on the Dark Entourage {god
                  | gift}
 77528 | Depths:1 | Reached skill level 5 in Fire Magic
 77574 | Depths:1 | Found a gateway to Hell.
 77620 | Depths:1 | Found a one-way gateway to a ziggurat.
 77620 | Depths:1 | Noticed an ancient lich
 78036 | Depths:2 | Identified the +5 quarterstaff of Dim Light {venom, rC++}
 78567 | Depths:2 | Found a bloodstained altar of Trog.
 79176 | Depths:2 | Identified the +3 hand axe of Arbitration {vorpal, rElec
                  | rF+}
 79462 | Depths:3 | Identified the +5 pair of boots "Refoum" {rElec Str+4}
 79907 | Depths:3 | Found Apni's Jewellery Emporium.
 80391 | Depths:3 | Noticed a dread lich
 80396 | Depths:3 | Killed a dread lich
 80612 | Depths:3 | Received a gift from Sif Muna
 80615 | Depths:3 | Got Sif Muna's Almanac of Combat Magic and Displacement
                  | {god gift}
 80713 | D:12     | You paid a toll of a +6 demon whip to enter a treasure
                  | trove
 80714 | Trove    | Entered a treasure trove
 80728 | Trove    | Identified the +1 rapier "Ifaepn" {vorpal, rElec Int+6
                  | Dex-5}
 80754 | Trove    | Identified the ring "Nixkuug" {rN+ Dex+7}
 81061 | Depths:1 | Killed an ancient lich
 81183 | Depths:3 | Identified the +2 leather armour "Fakac" {rF+ Stlth+}
 81368 | Depths:4 | Entered Level 4 of the Depths
 81451 | Depths:4 | Reached XP level 25. HP: 210/210 MP: 44/53
 81507 | Depths:4 | Found a corrupted altar of Lugonu.
 81595 | Depths:4 | Noticed Frederick
 81600 | Depths:4 | Killed Frederick
 81796 | Depths:3 | HP: 10/210 [spriggan berserker (30)]
 81798 | Depths:3 | Slain by a spriggan berserker

Illustrated notes

Levels and vault maps discovered:
D:1:      scummos_arrival_checkerplants, layout_loops_cross,
          shapermc_ecumenical_altar_petra
D:2:      layout_loops_ring, hangedman_decor_growths, minmay_pentomino_s2
D:3:      layout_basic, elyvilon_altar_5, general_overflow_altar, serial_shops,
          shop, due_unseen_surprise
D:4:      layout_layer_cave, xom_redecorated, gammafunk_ghost_grave,
          minmay_misc_feat_four_crosses, minmay_stone_trees_small, sigmund_army,
          uniq_natasha, uniq_robin, uniq_sigmund
D:5:      old_forge, layout_loops_ring, minmay_temple_entry_poolview,
          uniq_prince_ribbit1
D:6:      corexii_shantytown, layout_basic, amethyst_overflow_temple_binary,
          serial_undead, serial_undead_e, serial_undead_d, serial_undead_f,
          serial_undead_d
D:7:      layout_cave_pods, gammafunk_temple_overflow_elements,
          nicolae_elevator_lobby_plus
D:8:      layout_basic, grunt_lair_entry_orc_guard_hut, wad_rectangle_vault,
          uniq_joseph, uniq_grum
D:9:      layout_roguey, nicolae_gozag_cash_rules_everything_around_me,
          uniq_harold, uniq_maurice
D:10:     layout_loops_ring, nicolae_ru_the_path_less_chosen
D:11:     layout_irregular_city, david_orc_5
D:12:     layout_loops_corners, enter_trove_2, pond, uniq_josephine
D:13:     layout_stronghold
D:14:     layout_gridville, david_vaults_3, kennysheep_pointless_box,
          minmay_between, uniq_kirke
D:15:     hangedman_spin_cycle
Temple:   dshaligram_water_room_temple
Lair:1:   layout_chaotic_city, nzn_ghost_randoct, serial_bayou_shore_a,
          serial_bayou_shore_b
Lair:2:   layout_hall_layers, minmay_swamp_entry_swarm, gammafunk_ghost_ooze
Lair:3:   layout_cave_pods, nzn_masters_of_martial_movement
Lair:4:   layout_roguey, spider_nest_entry_webs, serial_bayou_shore_b,
          lemuel_fruit_tree
Lair:5:   layout_loops_ring, serial_rivers, chequers_serial_rivers_micro_d,
          chequers_serial_rivers_small_a, chequers_serial_rivers_micro_c,
          chequers_serial_rivers_room_a, chequers_serial_rivers_room_b,
          uniq_urug
Lair:6:   hangedman_lair_in_review, layout_hall_layers, slime_altar_1,
          serial_bayou_crossing
Swamp:1:  layout_falls_marsh, nicolae_swamp_decorative_isthmus,
          infiniplex_staircase_pool, uniq_louise
Swamp:2:  layout_basic_swamp, nicolae_swamp_little_swirl
Swamp:3:  layout_falls_marsh, hangedman_swamp_pad, swamp_pool2,
          hangedman_swamp_cone, uniq_roxanne
Swamp:4:  swamp_basic_johnstein, layout_basic_swamp, swamp_pool3, uniq_aizul,
          uniq_bai_suzhen
Spider:1: layout_spider_delve, ebering_ghost_disaster_area,
          nicolae_spider_some_kinda_spiderbox,
          hangedman_spider_tarantella_strand
Spider:2: nicolae_spider_hilbert_zone_4 [nicolae_spider_hilbert_4_sides_2_open,
          nicolae_spider_hilbert_4_sides_1_open,
          nicolae_spider_hilbert_4_sides_1_open,
          nicolae_spider_hilbert_4_sides_1_open,
          nicolae_spider_hilbert_4_sides_1_open,
          nicolae_spider_hilbert_2_sides_1_open,
          nicolae_spider_hilbert_2_sides_1_open,
          nicolae_spider_hilbert_2_sides_1_open,
          nicolae_spider_hilbert_2_sides_1_open,
          nicolae_spider_hilbert_6_sides_1_open,
          nicolae_spider_hilbert_6_sides_1_open,
          nicolae_spider_hilbert_3_sides_1_open,
          nicolae_spider_hilbert_3_sides_1_open]
Spider:3: layout_chambers, drop_trap
Spider:4: grunt_spider_rune_island
Slime:1:  layout_caves
Slime:2:  layout_caves
Slime:3:  nicolae_slime_jelly_donut, layout_caves, nicolae_slime_barrier,
          uniq_dissolution
Slime:4:  layout_caves
Slime:5
Orc:1:    layout_diamond_mine, bloody_makhleb
Orc:2:    pf_orc_diabolical, layout_caves
Elf:1:    layout_loops_corners, evilmike_minifort, hangedman_elf_simple_split
Elf:2:    nicolae_elf_blades_crystal_corner, layout_geoelf_grid, serial_shops,
          nicolae_shop_advertising_works [nicolae_subvault_shop_adworks],
          minmay_shop_grove
Elf:3:    minmay_elf_hall_four_x, layout_gridlike, kb_rosetta, uniq_donald,
          uniq_nikola
Vaults:1: nicolae_vaults_quartermaster, vaults_room_corners,
          nicolae_vaults_little_squares_4, v_misc_9,
          nicolae_vaults_network_barrier, nicolae_vaults_little_squares_3,
          v_misc_5, layout_vaults_omnigrid, serial_shops, nicolae_shop_crystal
Vaults:2: portal_desolation_entry_ruin, hangedman_vaults_stagger, v_misc_33,
          hangedman_vaults_hard_town_square, nicolae_vaults_little_ls,
          hangedman_vaults_stream, layout_vaults_chaotic_city, uniq_margery
Vaults:3: nicolae_vaults_inception_network, blue_anna_dwarven_crypt,
          vaults_room_door_ring, nicolae_vaults_mini_display_case, v_misc_4,
          vaults_dpeg_diagonal, vaults_room_pool,
          nicolae_vaults_little_squares_3, hangedman_vaults_snaps,
          vaults_room_stairs_pillars, ontoclasm_vaults_chip,
          nicolae_vaults_circle_grid_a, nicolae_vaults_windows_and_doors_thing,
          hangedman_vaults_maws, layout_vaults_omnibox
Vaults:4: vaults_room_octagon, ontoclasm_vaults_claustrophobia, v_misc_8,
          st_octagons_2, hangedman_vaults_impose, nicolae_vaults_circle_grid_a,
          v_rooms_1, vaults_room_boxed, v_misc_26, vaults_room_large_hall,
          ontoclasm_vaults_twist, nicolae_vaults_little_squares_4, v_misc_14,
          nicolae_vaults_little_squares_1, nicolae_vaults_ring_of_whatevers,
          layout_vaults_maze, uniq_jory
Vaults:5
Depths:1: minmay_quantized_circle, layout_cave_shapes, enter_ziggurat_d,
          pf_hell_entry_great_geh, pan_entry, hangedman_abyss_entry_splay,
          moated_statue, minmay_fire_ice_demons
Depths:2: nicolae_hexawheel, layout_basic, hell_entry,
          abyss_entry_small_statue_room, minmay_holes, pan_entry,
          trog_three_pillars_becter
Depths:3: minmay_containers, layout_gridville, grunt_pan_entry_zigzag,
          hell_entry, abyss_entry, serial_shops, nicolae_stop_n_shop_1,
          firewood_loft, infiniplex_staircase_9_rooms
Depths:4: evilmike_zot_entry_round, layout_cave_pools, corexii_hall_statues_u,
          abyss_entry_flame_altar, hell_entry, uniq_frederick, uniq_sojobo

Skill      XL: |  1  2  3  4  5  6  7  8  9 10 11 12 13 14 15 16 17 18 19 20 21 22 23 24 |
---------------+-------------------------------------------------------------------------+-----
Dodging        | 2 3 4 5 6 7 8 |  8.0
Conjurations   | 2 3 4 5 7 8 9 11 13 15 16 17 18 19 20 21 22 23 24 25 26 | 26.1
Spellcasting   | 3 4 5 7 9 10 12 13 15 16 17 18 19 21 22 23 24 25 26 | 26.0
Air Magic      | 4 5 6 8 9 10 12 13 14 15 16 17 | 17.8
Maces & Flails | 1 |  1.0
Fighting       | 1 2 3 4 5 10 13 14 | 14.0
Fire Magic     | 1 2 3 4 7 |  7.3
Earth Magic    | 1 6 7 9 10 | 10.0
Shields        | 1 2 |  2.9
Evocations     | 1 5 |  5.0
Invocations    | 1 3 |  3.9
Stealth        | |  1.7
Necromancy     | |  0.4

Action                   |  1- 3 |  4- 6 |  7- 9 | 10-12 | 13-15 | 16-18 | 19-21 | 22-24 | 25-27 || total
-------------------------+-------+-------+-------+-------+-------+-------+-------+-------+-------++-------
Melee: Unarmed           |    44 |       |       |       |       |       |       |       |       ||    44
       Tailslap          |     5 |     2 |    12 |    34 |     4 |    10 |    10 |     7 |       ||    84
       Hand axe          |     7 |     7 |       |       |       |       |       |       |       ||    14
       Mace              |       |    13 |    98 |    25 |       |       |       |       |       ||   136
       Punch             |       |       |     5 |     3 |     1 |       |       |       |       ||     9
       Short sword       |       |       |       |   137 |     1 |       |       |       |       ||   138
       Dagger            |       |       |       |       |     4 |       |       |       |       ||     4
       Scimitar          |       |       |       |       |    60 |    27 |       |       |       ||    87
       Staff             |       |       |       |       |       |     2 |    38 |    49 |       ||    89
       Double sword      |       |       |       |       |       |       |       |     3 |       ||     3
 Cast: Shock             |    94 |   129 |   189 |   155 |   339 |   366 |   351 |   520 |       ||  2143
       Airstrike         |       |       |    65 |   404 |   256 |    72 |     3 |     5 |       ||   805
       Sticky Flame      |       |       |       |     4 |    82 |    38 |    38 |    67 |       ||   229
       Iskenderun's Batt |       |       |       |       |   134 |   179 |   188 |   229 |     5 ||   735
       Freezing Cloud    |       |       |       |       |   109 |   171 |   113 |   105 |     4 ||   502
       Flame Wave        |       |       |       |       |     5 |     2 |       |     1 |       ||     8
       Iron Shot         |       |       |       |       |       |   197 |   422 |   577 |    16 ||  1212
       Maxwell's Capacit |       |       |       |       |       |       |     7 |     7 |       ||    14
       Lee's Rapid Decon |       |       |       |       |       |       |    14 |     9 |       ||    23
       Borgnjor's Vile C |       |       |       |       |       |       |     3 |     1 |       ||     4
       Swiftness         |       |       |       |       |       |       |       |     2 |       ||     2
       Chain Lightning   |       |       |       |       |       |       |       |     4 |       ||     4
Invok: Channel Magic     |       |       |       |       |       |       |     1 |     3 |       ||     4
 Abil: Evoke Blink       |       |       |       |       |     1 |       |     2 |       |     1 ||     4
Evoke: Wand              |       |       |       |     7 |     4 |     4 |       |     6 |       ||    21
  Use: Scroll            |       |       |       |    13 |    18 |     3 |    11 |    14 |     1 ||    60
       Potion            |       |       |       |       |       |       |     6 |     9 |     2 ||    17
 Stab: Sleeping          |       |       |     1 |       |       |       |       |     1 |       ||     2
Armor: Skin              |    14 |     8 |    88 |   138 |   147 |    68 |   149 |   208 |    14 ||   834
Dodge: Dodged            |    37 |    26 |   209 |   268 |   239 |    98 |   158 |   238 |    10 ||  1283
Block: Buckler           |       |       |       |       |     4 |    25 |    33 |    34 |     7 ||   103

Table legend: (Time is in decaauts)
 A = Elapsed time spent in this place.
 B = Non-inter-level travel time spent in this place.
 C = Inter-level travel time spent in this place.
 D = Time resting spent in this place.
 E = Time spent auto-exploring this place.
 F = Levels seen in this place.
 G = Mean time per level.
                   A        B        C        D        E       F      G
               +--------+--------+--------+--------+--------+-----+--------+
         Total |  82024 |  77973 |   4051 |  31009 |  19684 |  51 | 1608.3 |
       Dungeon |  26760 |  25164 |   1596 |   9077 |   9317 |  15 | 1784.0 |
        Temple |     76 |     76 |      0 |      0 |     47 |   1 |   76.0 |
          Lair |   7430 |   6826 |    604 |   1911 |   2069 |   6 | 1238.3 |
         Swamp |   4024 |   3952 |     72 |   1721 |    548 |   4 | 1006.0 |
   Spider Nest |   6087 |   5986 |    101 |   1996 |   2030 |   4 | 1521.8 |
    Slime Pits |   2122 |   2072 |     50 |   1087 |      0 |   5 |  424.4 |
  Orcish Mines |   5133 |   4695 |    438 |   2538 |    304 |   2 | 2566.5 |
   Elven Halls |   8735 |   8121 |    614 |   4112 |    686 |   3 | 2911.7 |
        Vaults |  14264 |  13869 |    395 |   6099 |   3285 |   5 | 2852.8 |
        Depths |   5298 |   5120 |    178 |   1479 |   1398 |   4 | 1324.5 |
         Trove |    110 |    110 |      0 |      0 |      0 |   1 |  110.0 |
    Desolation |   1979 |   1979 |      0 |    989 |      0 |   1 | 1979.0 |
               +--------+--------+--------+--------+--------+-----+--------+

Top non-repeatable levels by time:
   Elf:3: 4000 daAuts
Vaults:4: 3741 daAuts
    D:15: 3580 daAuts
   Orc:2: 3534 daAuts
Vaults:2: 2965 daAuts
Vaults:5: 2771 daAuts
    D:12: 2633 daAuts
    D:11: 2570 daAuts
   Elf:1: 2513 daAuts
Vaults:3: 2457 daAuts
Vaults:1: 2327 daAuts
   Elf:2: 2222 daAuts
    D:13: 2198 daAuts
     D:4: 2196 daAuts
Spider:3: 2028 daAuts
